SA
PHOENIX HOTSPUR U-21 @ LOUISIANA DRAGOONS
06/25/2024
 
TOP OF THE 1ST
Phoenix Hotspur U-21 batting - Pitching for Louisiana Dragoons : LHP Nick Mason
Pitching: LHP Nick Mason
Batting: LHB Roberto Fierro 0-0: Ball
1-0: Called Strike
1-1: SINGLE (Line Drive, 6D)
Batting: RHB Carl Tucker 0-0: Foul Ball, location: 2F
0-1: Swinging Strike
0-2: Ball
1-2: Ball
2-2: Fly out, F7 (Flyball, 78M)
Batting: RHB Solomon Norment 0-0: Called Strike
0-1: Foul Ball, location: 2F
0-2: Ball
1-2: Ball
2-2: Ground out 2-3 (Groundball, 2R)
Roberto Fierro to second
Batting: RHB Manuel Guillama 0-0: Ground out 6-3 (Groundball, 6)
Top of the 1st over - 0 run(s), 1 hit(s), 0 error(s), 1 left on base; Phoenix 0 - Louisiana 0
BOTTOM OF THE 1ST
Louisiana Dragoons batting - Pitching for Phoenix Hotspur U-21 : RHP Joshua Long
Pitching: RHP Joshua Long
Batting: RHB Wessel Wemerman 0-0: Ball
1-0: Called Strike
1-1: Called Strike
1-2: Strikes out swinging
Batting: RHB Fernando Rutledge 0-0: Called Strike
0-1: Ball
1-1: SINGLE (Line Drive, 56)
Batting: RHB Anastasio Hernández 0-0: Ball
1-0: Foul Ball, location: 2F
1-1: Ball
Fernando Rutledge is caught stealing 2nd base
2-1: Swinging Strike
2-2: Ball
3-2: Foul Ball, location: 2F
3-2: Base on Balls
Batting: LHB Damian Delaney 0-0: Ball
1-0: Foul Ball, location: 2F
1-1: Called Strike
1-2: Ball
2-2: Foul Ball, location: 2F
2-2: Foul Ball, location: 2F
2-2: Strikes out swinging
Bottom of the 1st over - 0 run(s), 1 hit(s), 0 error(s), 1 left on base; Phoenix 0 - Louisiana 0
TOP OF THE 2ND
Phoenix Hotspur U-21 batting - Pitching for Louisiana Dragoons : LHP Nick Mason
Batting: RHB Eric Conway 0-0: Ball
1-0: Fly out, F6 (Popup, 6)
Batting: RHB Pepe Reyes 0-0: Ball
1-0: Foul Ball, location: 2F
1-1: Ball
2-1: Foul Ball, location: 2F
2-2: Ball
3-2: SINGLE (Groundball, 25) (infield hit)
Batting: RHB Bernardo Rivera 0-0: Fly out, F2 (Popup, 2RF)
Batting: RHB Rubén Andrada 0-0: Ball
1-0: Foul Ball, location: 2F
1-1: Ball
2-1: Foul Ball, location: 2F
2-2: Foul Ball, location: 2F
2-2: Ball
3-2: Strikes out looking
Top of the 2nd over - 0 run(s), 1 hit(s), 0 error(s), 1 left on base; Phoenix 0 - Louisiana 0
BOTTOM OF THE 2ND
Louisiana Dragoons batting - Pitching for Phoenix Hotspur U-21 : RHP Joshua Long
Batting: RHB Jaime Cruz 0-0: Called Strike
0-1: Foul Ball, location: 2F
0-2: Ball
1-2: SINGLE (Flyball, 7S)
Batting: LHB Luis Moreno 0-0: Foul Ball, location: 2F
0-1: Fly out, F9 (Flyball, 89M)
Batting: RHB Javier Solano 0-0: Called Strike
0-1: Ball
Jaime Cruz steals 2nd base
1-1: Foul Ball, location: 2F
1-2: SINGLE (Line Drive, 9S)
Jaime Cruz to third
Batting: RHB Armando Carmona 0-0: DOUBLE (Flyball, 78M)
Jaime Cruz scores
Javier Solano to third
Batting: SHB Eduardo Pampin 0-0: Ball
1-0: Ball
Wild Pitch!
Javier Solano scores
Armando Carmona to third
2-0: Foul Ball, location: 2F
2-1: Ball
3-1: Swinging Strike
3-2: SINGLE (Line Drive, 4D)
Armando Carmona scores
Batting: RHB Wessel Wemerman 0-0: Ball
1-0: Foul Ball, location: 2F
1-1: Foul Ball, location: 2F
1-2: Strikes out swinging
Batting: RHB Fernando Rutledge 0-0: Foul Ball, location: 2F
0-1: Foul Ball, location: 2F
0-2: SINGLE (Line Drive, 8LS)
Eduardo Pampin to second
Batting: RHB Anastasio Hernández 0-0: Ball
1-0: Ball
2-0: Ball
3-0: Called Strike
3-1: Base on Balls
Eduardo Pampin to third
Fernando Rutledge to second
Batting: LHB Damian Delaney 0-0: SINGLE (Line Drive, 56D)
Eduardo Pampin scores
Fernando Rutledge to third
Anastasio Hernández to second
Runner from 3rd tries for Home, SAFE, no throw or cutoff
Batting: RHB Jaime Cruz 0-0: Ball
1-0: Called Strike
1-1: TRIPLE (Flyball, 89M)
Anastasio Hernández scores
Damian Delaney scores
Pitching: RHP Orlando Uribe
Pinch Runner at 3rd Emmanuele Lucchetti:
Batting: LHB Luis Moreno 0-0: Ground out 4-3 (Groundball, 4)
Bottom of the 2nd over - 7 run(s), 7 hit(s), 0 error(s), 1 left on base; Phoenix 0 - Louisiana 7
TOP OF THE 3RD
Phoenix Hotspur U-21 batting - Pitching for Louisiana Dragoons : LHP Nick Mason
Now at 2B: Emmanuele Lucchetti
Batting: RHB Juan Rivera 0-0: Ball
1-0: Ground out 5-3 (Groundball, 5)
Batting: LHB Roberto Fierro 0-0: Called Strike
0-1: Ball
1-1: Swinging Strike
1-2: Strikes out swinging
Batting: RHB Carl Tucker 0-0: Swinging Strike
0-1: Fly out, F7 (Flyball, 78M)
Top of the 3rd over - 0 run(s), 0 hit(s), 0 error(s), 0 left on base; Phoenix 0 - Louisiana 7
BOTTOM OF THE 3RD
Louisiana Dragoons batting - Pitching for Phoenix Hotspur U-21 : RHP Orlando Uribe
Batting: RHB Javier Solano 0-0: Called Strike
0-1: Ground out U3 (Groundball, 3)
Batting: RHB Armando Carmona 0-0: Foul Ball, location: 2F
0-1: Ball
1-1: Swinging Strike
1-2: Ball
2-2: Foul Ball, location: 2F
2-2: Ball
3-2: Strikes out swinging
Batting: SHB Eduardo Pampin 0-0: Ground out 3-1 (Groundball, 34)
Bottom of the 3rd over - 0 run(s), 0 hit(s), 0 error(s), 0 left on base; Phoenix 0 - Louisiana 7
TOP OF THE 4TH
Phoenix Hotspur U-21 batting - Pitching for Louisiana Dragoons : LHP Nick Mason
Batting: RHB Solomon Norment 0-0: Ball
1-0: Ball
2-0: Called Strike
2-1: Ball
3-1: Ground out 6-3 (Groundball, 6)
Batting: RHB Manuel Guillama 0-0: Called Strike
0-1: Fly out, F8 (Flyball, 78D)
Batting: RHB Eric Conway 0-0: Ball
1-0: SINGLE (Groundball, 6M)
Batting: RHB Pepe Reyes 0-0: Ball
1-0: Foul Ball, location: 2F
1-1: Ball
2-1: Foul Ball, location: 2F
2-2: Ball
3-2: Base on Balls
Eric Conway to second
Batting: RHB Bernardo Rivera 0-0: Fly out, F6 (Popup, 56D)
Top of the 4th over - 0 run(s), 1 hit(s), 0 error(s), 2 left on base; Phoenix 0 - Louisiana 7
BOTTOM OF THE 4TH
Louisiana Dragoons batting - Pitching for Phoenix Hotspur U-21 : RHP Orlando Uribe
Batting: RHB Wessel Wemerman 0-0: Called Strike
0-1: Swinging Strike
0-2: Ball
1-2: Fly out, F9 (Flyball, 89M)
Batting: RHB Fernando Rutledge 0-0: Called Strike
0-1: Called Strike
0-2: Ball
1-2: Ball
2-2: Foul Ball, location: 2F
2-2: SINGLE (Flyball, 8LS)
Batting: RHB Anastasio Hernández 0-0: Ball
1-0: Ball
2-0: Fielders Choice at 2nd, 6-4 (Groundball, 6)
Batting: LHB Damian Delaney 0-0: Called Strike
0-1: Ball
1-1: Fly out, F5 (Popup, 5F)
Bottom of the 4th over - 0 run(s), 1 hit(s), 0 error(s), 1 left on base; Phoenix 0 - Louisiana 7
TOP OF THE 5TH
Phoenix Hotspur U-21 batting - Pitching for Louisiana Dragoons : LHP Nick Mason
Batting: RHB Rubén Andrada 0-0: Ball
1-0: Ground out 6-3 (Groundball, 6)
Batting: RHB Juan Rivera 0-0: Ball
1-0: DOUBLE (Flyball, 78XD)
Batting: LHB Roberto Fierro 0-0: Ground out U3 (Groundball, 3S)
Juan Rivera to third
Batting: RHB Carl Tucker 0-0: SINGLE (Line Drive, 89S)
Juan Rivera scores
Batting: RHB Solomon Norment 0-0: Ball
1-0: Ground out 5-3 (Groundball, 5S)
Top of the 5th over - 1 run(s), 2 hit(s), 0 error(s), 1 left on base; Phoenix 1 - Louisiana 7
BOTTOM OF THE 5TH
Louisiana Dragoons batting - Pitching for Phoenix Hotspur U-21 : RHP Orlando Uribe
Batting: RHB Emmanuele Lucchetti 0-0: Called Strike
0-1: Foul Ball, location: 2F
0-2: Foul Ball, location: 2F
0-2: Strikes out swinging
Batting: LHB Luis Moreno 0-0: Called Strike
0-1: Foul Ball, location: 2F
0-2: Foul Ball, location: 2F
0-2: Foul Ball, location: 2F
0-2: Ground out 1-3 (Groundball, 13S)
Batting: RHB Javier Solano 0-0: Foul Ball, location: 2F
0-1: Foul Ball, location: 2F
0-2: Ground out 5-3 (Groundball, 5S)
Bottom of the 5th over - 0 run(s), 0 hit(s), 0 error(s), 0 left on base; Phoenix 1 - Louisiana 7
TOP OF THE 6TH
Phoenix Hotspur U-21 batting - Pitching for Louisiana Dragoons : LHP Nick Mason
Batting: RHB Manuel Guillama 0-0: Foul Ball, location: 2F
0-1: Ball
1-1: Ball
2-1: Foul Ball, location: 2F
2-2: Strikes out swinging
Batting: RHB Eric Conway 0-0: Ball
1-0: Ball
2-0: Foul Ball, location: 2F
2-1: Ball
3-1: Base on Balls
Batting: RHB Pepe Reyes 0-0: Grounds into double play, 6-4-3 (Groundball, 6D)
Top of the 6th over - 0 run(s), 0 hit(s), 0 error(s), 0 left on base; Phoenix 1 - Louisiana 7
BOTTOM OF THE 6TH
Louisiana Dragoons batting - Pitching for Phoenix Hotspur U-21 : RHP Orlando Uribe
Batting: RHB Armando Carmona 0-0: Called Strike
0-1: Foul Ball, location: 2F
0-2: Foul Ball, location: 2F
0-2: Ball
1-2: Ground out 6-3 (Groundball, 4M)
Batting: SHB Eduardo Pampin 0-0: Fly out, F7 (Popup, 56D)
Batting: RHB Wessel Wemerman 0-0: Ball
1-0: Ball
2-0: Called Strike
2-1: Swinging Strike
2-2: Foul Ball, location: 2F
2-2: Ground out 6-3 (Groundball, 6M)
Bottom of the 6th over - 0 run(s), 0 hit(s), 0 error(s), 0 left on base; Phoenix 1 - Louisiana 7
TOP OF THE 7TH
Phoenix Hotspur U-21 batting - Pitching for Louisiana Dragoons : LHP Nick Mason
Batting: RHB Bernardo Rivera 0-0: Ball
1-0: Called Strike
1-1: Foul Ball, location: 2F
1-2: Foul Ball, location: 2F
1-2: Hit by Pitch
Batting: RHB Rubén Andrada 0-0: Called Strike
0-1: Called Strike
0-2: Ball
1-2: Foul Ball, location: 2F
1-2: Strikes out swinging
Batting: RHB Juan Rivera 0-0: Called Strike
0-1: Swinging Strike
0-2: Ball
1-2: Ball
2-2: Ball
3-2: Base on Balls
Bernardo Rivera to second
Batting: LHB Roberto Fierro 0-0: Ball
1-0: Grounds out, U3 (Groundball, 3L)
Bernardo Rivera to third
Pitching: LHP Andrés Fabián
Batting: RHB Carl Tucker 0-0: Ground out 6-3 (Groundball, 6)
Top of the 7th over - 0 run(s), 0 hit(s), 0 error(s), 2 left on base; Phoenix 1 - Louisiana 7
BOTTOM OF THE 7TH
Louisiana Dragoons batting - Pitching for Phoenix Hotspur U-21 : RHP Orlando Uribe
Batting: RHB Fernando Rutledge 0-0: Foul Ball, location: 2F
0-1: Swinging Strike
0-2: Ball
1-2: Strikes out swinging
Batting: RHB Anastasio Hernández 0-0: Fly out, F9 (Flyball, 89M)
Batting: LHB Damian Delaney 0-0: Ball
1-0: Swinging Strike
1-1: Ball
2-1: Foul Ball, location: 2F
2-2: Foul Ball, location: 2F
2-2: Strikes out swinging
Bottom of the 7th over - 0 run(s), 0 hit(s), 0 error(s), 0 left on base; Phoenix 1 - Louisiana 7
TOP OF THE 8TH
Phoenix Hotspur U-21 batting - Pitching for Louisiana Dragoons : LHP Andrés Fabián
Batting: RHB Solomon Norment 0-0: Called Strike
0-1: Ground out 5-3 (Groundball, 5)
Batting: RHB Manuel Guillama 0-0: Ball
1-0: Ball
2-0: Foul Ball, location: 2F
2-1: Ball
3-1: Foul Ball, location: 2F
3-2: Base on Balls
Batting: RHB Eric Conway 0-0: Swinging Strike
0-1: Ball
1-1: Fly out, F8 (Flyball, 8LM)
Batting: RHB Pepe Reyes 0-0: Foul Ball, location: 2F
0-1: Fielders Choice at 2nd, 5-4 (Groundball, 56)
Top of the 8th over - 0 run(s), 0 hit(s), 0 error(s), 0 left on base; Phoenix 1 - Louisiana 7
BOTTOM OF THE 8TH
Louisiana Dragoons batting - Pitching for Phoenix Hotspur U-21 : RHP Orlando Uribe
Batting: RHB Emmanuele Lucchetti 0-0: Ball
1-0: Foul Ball, location: 2F
1-1: Foul Ball, location: 2F
1-2: Ball
2-2: Ball
3-2: Base on Balls
Batting: LHB Luis Moreno 0-0: Called Strike
0-1: Swinging Strike
0-2: Foul Ball, location: 2F
0-2: Ball
1-2: Ball
2-2: Ball
3-2: Foul Ball, location: 2F
3-2: Grounds out, U3 (Groundball, 3L)
Batting: RHB Javier Solano 0-0: Swinging Strike
0-1: SINGLE (Line Drive, 89S)
Emmanuele Lucchetti to third
Batting: RHB Armando Carmona 0-0: Ball
1-0: Ball
2-0: Foul Ball, location: 2F
2-1: Fly out, F9 (Flyball, 9LM)
Runner from 3rd tags up, SCORES, no throw
Batting: SHB Eduardo Pampin Pickoff Throw to First - Out!
Bottom of the 8th over - 1 run(s), 1 hit(s), 0 error(s), 0 left on base; Phoenix 1 - Louisiana 8
TOP OF THE 9TH
Phoenix Hotspur U-21 batting - Pitching for Louisiana Dragoons : LHP Andrés Fabián
Batting: RHB Bernardo Rivera 0-0: Called Strike
0-1: Ball
1-1: Foul Ball, location: 2F
1-2: Strikes out swinging
Batting: RHB Rubén Andrada 0-0: Foul Ball, location: 2F
0-1: Fly out, F4 (Popup, 4M)
Batting: RHB Juan Rivera 0-0: Ball
1-0: Fly out, F3 (Popup, 3F)
Top of the 9th over - 0 run(s), 0 hit(s), 0 error(s), 0 left on base; Phoenix 1 - Louisiana 8
This league is powered by Out of the Park Baseball, the baseball management simulation game for PC, Mac and Linux
Monday, October 3rd, 2016 - OOTP Baseball 16.9 Build 39